Map: [ESL] Cosmic Sapphire

Players

Reynor - Winner!

  • Race: Zerg Zerg
  • League: Master
  • Spawn Location: 11:00

Zoun

  • Race: Protoss Protoss
  • Spawn Location: 5:00

Event: HomeStory Cup XXII

VOD

Have the link to the VOD?

Description

Time

  • Played on: Dec. 18, 2022, 7:22 a.m.
  • Length: 11:58

All games in this series

Show
View Real Time Build Order
Export as new Build Order

Reynor Zerg - Winner!

Build Orders: Hatch First 

Get SALT Encoding   

  12  0:01  Drone  
  13  0:12  Overlord  
  13  0:17  Drone  
  14  0:30  Drone x2  
  16  0:43  Drone  
  17  0:51  Hatchery  
  17  0:54  Drone  
  17  0:57  Drone  
  18  1:09  Extractor  
  17  1:12  Spawning Pool  
  17  1:17  Drone  
  17  1:20  Drone  
  18  1:27  Drone  
  19  1:38  Drone  
  20  1:48  Overlord  
  20  1:59  Queen  
  22  2:03  Drone  
  22  2:04  Drone  
  22  2:05  Queen  
  26  2:11  Zergling x2  
  26  2:14  Zergling x2  
  28  2:22  Drone  
  29  2:24  Metabolic Boost  
  29  2:25  Drone  
  30  2:34  Drone  
  31  2:37  Hatchery  
  31  2:40  Drone  
  31  2:47  Overlord  
  31  2:48  Drone  
  32  2:52  Queen  
  32  2:55  Drone  
  32  2:58  Drone  
  37  3:05  Drone  
  37  3:08  Overlord  
  37  3:11  Drone x3  
  40  3:18  Overlord  
  40  3:20  Spore Crawler  
  40  3:21  Drone  
  40  3:24  Queen  
  43  3:28  Queen  
  43  3:31  Drone  
  43  3:33  Drone  
  47  3:40  Drone  
  49  3:41  Drone  
  49  3:46  Drone x3  
  49  3:47  Evolution Chamber  
  51  3:49  Queen  
  51  3:54  Overlord  
  53  3:58  Drone  
  53  4:01  Spore Crawler  
  50  4:03  Drone x3  
  50  4:05  Drone  
  50  4:08  Drone  
  54  4:11  Drone  
  54  4:12  Drone  
  56  4:17  Drone, Zerg Melee Weapons Level 1  
  56  4:18  Drone  
  58  4:25  Spore Crawler, Drone  
  58  4:27  Queen  
  58  4:31  Overlord  
  60  4:32  Drone  
  60  4:34  Zergling x2  
  60  4:38  Zergling x8  
  66  4:43  Roach Warren  
  66  4:44  Drone  
  66  4:46  Overlord  
  66  4:50  Drone x3  
  66  4:52  Overlord  
  69  4:55  Drone  
  69  4:59  Drone x4  
  74  5:05  Lair  
  74  5:06  Drone, Extractor  
  74  5:09  Drone x2  
  74  5:10  Overlord  
  74  5:11  Drone  
  74  5:12  Drone  
  78  5:15  Drone  
  78  5:17  Drone  
  78  5:18  Drone  
  81  5:28  Spore Crawler, Drone x2  
  82  5:29  Drone x2  
  82  5:30  Extractor  
  82  5:31  Drone x2  
  82  5:33  Hatchery, Extractor  
  83  5:36  Overlord  
  83  5:39  Overlord  
  83  5:44  Drone x6  
  83  5:45  Drone  
  83  5:47  Extractor  
  83  5:48  Overlord  
  83  5:49  Extractor  
  87  5:55  Overlord  
  87  5:57  Roach  
  88  6:01  Roach  
  88  6:03  Roach x3  
  88  6:04  Roach  
  98  6:05  Glial Reconstitution  
  98  6:07  Drone x3  
  98  6:08  Drone  
  102  6:11  Drone x2  
  102  6:14  Zerg Melee Weapons Level 2  
  102  6:15  Drone, Overlord  
  102  6:16  Drone  
  102  6:17  Drone  
  107  6:23  Overlord  
  107  6:26  Drone  
  107  6:27  Evolution Chamber  
  107  6:29  Baneling Nest, Roach  
  107  6:31  Roach x3  
  107  6:32  Drone  
  115  6:36  Overlord  
  115  6:39  Drone x4  
  119  6:40  Overseer  
  119  6:44  Drone  
  119  6:45  Drone  
  123  6:48  Drone  
  123  6:52  Drone  
  123  6:57  Roach x5  
  123  6:59  Hatchery, Zerg Missile Weapons Level 1  
  123  7:00  Overlord  
  132  7:03  Drone x3  
  132  7:05  Spore Crawler  
  134  7:10  Zergling x4  
  134  7:11  Zergling x6  
  134  7:12  Pneumatized Carapace  
  134  7:13  Centrifugal Hooks  
  139  7:17  Zergling x6, Spine Crawler  
  139  7:21  Overlord  
  141  7:23  Zergling x2  
  141  7:28  Zergling x14  
  149  7:33  Zergling x4  
  149  7:35  Zergling x6  
  154  7:41  Zergling x8, Infestation Pit  
  157  7:46  Zergling x6  
  157  7:48  Ravager x3  
  157  7:49  Ravager  
  157  7:50  Zergling x4  
  166  7:53  Zergling x4  
  166  7:54  Zergling x6  
  166  7:56  Baneling x8  
  171  7:59  Zergling x6  
  171  8:02  Zergling x4  
  171  8:04  Overlord  
  176  8:11  Overlord  
  176  8:14  Zergling x12  
  176  8:19  Overlord  
  182  8:21  Hatchery  
  182  8:26  Zergling x20  
  189  8:28  Baneling x23  
  189  8:30  Zergling x4  
  188  8:40  Zergling x2  
  188  8:41  Zergling x18  
  197  8:43  Baneling x12  
  196  8:53  Zergling x14  
  190  8:58  Zergling x2  
  190  8:59  Zergling x8  
  193  9:04  Zergling x4, Hive  
  193  9:05  Zergling x10  
  187  9:13  Zergling x14  
  189  9:18  Zergling x6  
  189  9:20  Zergling x2  
  184  9:26  Zergling x2  
  184  9:27  Zergling x10  
  184  9:31  Zergling x2, Roach x3  
  177  9:42  Zergling x18  
  177  9:45  Roach  
  164  9:50  Baneling x10  
  164  9:51  Roach x2  
  164  9:52  Roach x5  
  177  9:56  Roach  
  177  9:58  Roach x4  
  184  10:05  Roach x4  
  169  10:08  Zergling x2, Roach x2  
  169  10:11  Roach x3  
  169  10:12  Roach  
  173  10:16  Zergling x2  
  173  10:17  Zergling x4  
  173  10:20  Zergling x10  
  181  10:22  Zergling x4  
  181  10:23  Adrenal Glands  
  181  10:26  Ravager x2  
  185  10:30  Baneling  
  185  10:31  Baneling x6  
  185  10:32  Zergling x8, Drone  
  190  10:37  Zergling x4  
  190  10:40  Zergling x4  
  194  10:43  Zergling x2  
  194  10:45  Zergling x2  
  194  10:47  Overlord  
  194  10:49  Zergling x2  
  195  10:50  Zergling x4  
  195  10:54  Zergling x2  
  195  10:55  Zergling x20  
  182  10:57  Zergling x4  
  182  11:00  Zergling x4  
  170  11:05  Zergling x4  
  170  11:10  Zergling x2  
  170  11:11  Zergling x6  
  171  11:16  Zergling x22  
  171  11:17  Baneling x7  
  180  11:20  Viper x2  
  180  11:22  Zergling x6  
  180  11:23  Zergling x2  
  187  11:28  Baneling x15  
  187  11:30  Unknown  
  186  11:37  Zergling x2  
  186  11:38  Zergling x14  
Show
View Real Time Build Order
Export as new Build Order

Zoun Protoss 

Build Orders: 1 Gate Expand, Oracle Opening, Phoenix Opening, Zealot Archon 

Get SALT Encoding   

  12  0:00  Probe  
  13  0:12  Probe  
  14  0:20  Pylon  
  14  0:24  Probe  
  15  0:38  Probe (Chrono Boost)  
  15  0:40  Gateway  
  16  0:47  Probe (Chrono Boost)  
  16  0:49  Assimilator  
  17  0:52  Probe (Chrono Boost)  
  18  1:04  Probe  
  19  1:16  Probe  
  20  1:27  Nexus  
  20  1:36  Cybernetics Core  
  20  1:39  Probe  
  21  1:45  Assimilator  
  21  1:51  Probe  
  22  1:54  Pylon  
  22  2:03  Probe  
  23  2:09  Adept (Chrono Boost)  
  23  2:15  Probe  
  26  2:17  Stargate  
  26  2:25  Warp Gate  
  26  2:27  Probe  
  27  2:33  Adept  
  29  2:40  Probe x2 (Chrono Boost)  
  31  2:49  Probe x2 (Chrono Boost)  
  33  2:54  Probe x2 (Chrono Boost)  
  35  2:59  Oracle (Chrono Boost)  
  38  3:06  Probe x2  
  38  3:11  Adept  
  42  3:14  Pylon  
  42  3:18  Probe x2  
  44  3:27  Phoenix (Chrono Boost)  
  44  3:32  Probe x2  
  48  3:44  Probe  
  49  3:49  Nexus, Probe  
  49  3:50  Pylon  
  49  3:55  Oracle (Chrono Boost)  
  50  3:58  Probe  
  54  4:08  Probe  
  54  4:09  Assimilator  
  55  4:10  Assimilator  
  55  4:14  Twilight Council  
  55  4:15  Forge  
  55  4:18  Shield Battery  
  55  4:22  Probe x2  
  55  4:23  Pylon  
  57  4:34  Probe  
  57  4:35  Gateway  
  57  4:37  Probe  
  59  4:41  Adept  
  59  4:45  Gateway  
  61  4:46  Gateway, Probe  
  61  4:51  Templar Archives  
  62  4:56  Probe  
  63  5:00  Probe  
  63  5:01  Probe  
  63  5:02  Protoss Ground Weapons Level 1  
  63  5:03  Charge  
  65  5:08  Probe  
  65  5:12  Gateway  
  66  5:15  Gateway  
  66  5:18  Probe (Chrono Boost)  
  66  5:19  Probe (Chrono Boost)  
  66  5:21  Probe (Chrono Boost)  
  71  5:29  Probe x2 (Chrono Boost)  
  71  5:30  Robotics Facility, Probe (Chrono Boost)  
  71  5:33  Probe (Chrono Boost)  
  71  5:34  Probe (Chrono Boost)  
  71  5:35  Pylon  
  73  5:36  Probe  
  73  5:40  High Templar  
  73  5:41  High Templar  
  79  5:44  Probe  
  79  5:46  Archon  
  79  5:48  Probe  
  82  5:50  Probe  
  82  5:54  Assimilator  
  82  5:56  Probe  
  81  5:58  Assimilator  
  81  6:00  Probe  
  81  6:01  Pylon  
  81  6:02  Probe  
  83  6:08  Probe  
  83  6:10  High Templar x2  
  88  6:12  Probe  
  88  6:14  Archon  
  88  6:16  Nexus  
  88  6:18  Probe, Pylon  
  89  6:23  Probe  
  91  6:27  Observer, Robotics Bay  
  91  6:31  Probe  
  93  6:33  Probe  
  93  6:36  Gateway  
  93  6:37  Gateway  
  93  6:39  Gateway  
  93  6:42  Photon Cannon  
  93  6:43  Sentry  
  93  6:45  Probe  
  96  6:48  Shield Battery  
  96  6:49  Observer, Photon Cannon  
  96  6:50  Zealot x4  
  105  7:02  Pylon  
  105  7:03  Observer  
  105  7:05  Pylon  
  105  7:06  Shield Battery  
  105  7:10  Protoss Ground Weapons Level 2 (Chrono Boost), Pylon  
  105  7:11  Disruptor (Chrono Boost)  
  108  7:18  Photon Cannon  
  108  7:20  Photon Cannon  
  108  7:21  Pylon  
  108  7:22  High Templar x2  
  112  7:23  Pylon  
  112  7:27  Archon  
  112  7:28  Shield Battery  
  112  7:29  Photon Cannon  
  112  7:31  Zealot x4  
  120  7:37  Disruptor (Chrono Boost)  
  123  7:44  Zealot x3  
  123  7:49  Observer  
  129  7:54  Probe x4 (Chrono Boost)  
  131  8:00  Photon Cannon  
  131  8:02  Disruptor (Chrono Boost)  
  131  8:04  Assimilator  
  136  8:06  Zealot x4, Probe x2 (Chrono Boost)  
  136  8:07  Assimilator  
  144  8:14  High Templar x4  
  144  8:16  Shield Battery  
  144  8:17  Shield Battery  
  144  8:18  Archon x2  
  152  8:21  Zealot  
  154  8:28  Probe  
  154  8:29  Probe x2  
  154  8:32  Gateway  
  151  8:37  Stalker  
  151  8:38  Stalker x3  
  151  8:40  Disruptor  
  157  8:48  Zealot x3  
  151  8:57  Probe  
  151  8:58  Stalker x2  
  154  9:03  Probe x2  
  154  9:04  Probe  
  154  9:08  Stalker x2  
  154  9:09  Probe  
  162  9:12  Pylon  
  162  9:15  Probe x2  
  162  9:16  High Templar x2  
  154  9:20  Pylon  
  154  9:21  Pylon  
  142  9:24  Archon  
  142  9:27  Probe x2  
  142  9:28  Probe x2  
  142  9:29  High Templar x2  
  142  9:30  High Templar x2  
  151  9:33  Archon  
  151  9:34  Archon  
  139  9:40  Zealot x3  
  139  9:47  Probe x3  
  139  9:51  Zealot x3  
  144  9:58  Probe  
  116  10:10  Observer  
  116  10:12  Probe x2  
  116  10:13  Stalker x4  
  116  10:14  Stalker x2  
  110  10:17  Probe x2  
  110  10:20  Observer  
  100  10:24  Probe (Chrono Boost)  
  100  10:26  High Templar x4  
  105  10:30  Archon x2, Probe x3 (Chrono Boost)  
  105  10:33  Observer (Chrono Boost)  
  109  10:36  Probe (Chrono Boost)  
  109  10:39  Zealot x2, High Templar x2  
  109  10:40  Zealot  
  109  10:42  Probe x3 (Chrono Boost)  
  123  10:43  Archon  
  123  10:49  Zealot  
  124  10:55  Observer  
  109  10:59  Disruptor (Chrono Boost)  
  109  11:01  Zealot x3, Pylon  
  109  11:02  Zealot x3  
  115  11:05  Probe x2  
  111  11:13  Probe  
  111  11:14  Probe  
  111  11:17  Probe  
  111  11:18  Probe  
  115  11:19  Zealot x3  
  115  11:22  High Templar x2  
  125  11:27  Archon  
  126  11:43  Zealot x4  
  126  11:44  Zealot x2, Probe  
  126  11:45  Probe  
Tags
 
Add a new tag
Caveats
  • Supply blocks, unpowered buildings, or Contaminate may cause inaccurate times.
  • Supply counts are checked every 10 seconds.